 Dungeon Crawl Stone Soup version 0.30-a0-924-g0ad0bf95bc (webtiles) character file.

Game seed: 9608800982020553670

22421 jlumianski the Cleaver (level 12, 0/89 (97) HPs)
             Began as a Demonspawn Fighter on Mar 22, 2023.
             Was a High Priest of Qazlal.
             Killed by nerve-wracking pain
             ... invoked by an orc high priest
              (12 damage)
             ... on level 2 of the Orcish Mines on Mar 23, 2023.
             The game lasted 01:04:51 (13226 turns).

jlumianski the Cleaver (Demonspawn Fighter)        Turns: 13226, Time: 01:04:51

HP:   0/89 (97)     AC: 18    Str: 27    XL:     12   Next: 62%
MP:   15/18         EV:  7    Int: 11    God:    Qazlal [*****.]
Gold: 225           SH: 12    Dex: 14    Spells: 11/11 levels left

rFire   . . .      SeeInvis .    Y - +1 broad axe (vamp)
rCold   x . .      Faith    .    c - +0 buckler
rNeg    . . .      Spirit   .    y - +0 plate armour {Will+}
rPois   +          Reflect  .    (helmet restricted)
rElec   .          Rampage  .    w - +0 cloak
rCorr   .                        e - +1 pair of gloves
Will    +....                    l - +2 pair of boots Stlth
                                 L - amulet of the acrobat
HPRegen 0.34/turn                r - ring of poison resistance
MPRegen 0.16/turn                P - +6 ring of strength

@: protected from physical damage, studying Evocations, drained, repel missiles
A: antennae 2, demonic guardian 1, icemail 2, big brain 1, condensation shield,
hooves 1, deformed body, low MP 1, cold vulnerability 1
a: Renounce Religion, Upheaval, Elemental Force, Disaster Area


You were on level 2 of the Orcish Mines.
You worshipped Qazlal.
Qazlal was extremely pleased with you.
You visited 2 branches of the dungeon, and saw 13 of its levels.
You also visited: Ossuary.

You collected 1265 gold pieces.
You spent 1040 gold pieces at shops.

Inventory:

Hand Weapons
 a - a +1 war axe of protection
 i - the +3 hammer "Waeclots" {spect, Fragile Str-3 Dex+8 SInv}
   (You found it on level 2 of the Dungeon)

   Str:       It affects your strength (-3).
   Dex:       It affects your dexterity (+8).
   SInv:      It lets you see invisible.
   Fragile:   It will be destroyed if unequipped.
 v - a +3 quarterstaff of chaos
 z - a +0 dagger
 F - a +3 short sword of speed
 K - a +3 spear of freezing
 N - a +2 scimitar of flaming
 X - a +3 hand axe of flaming
 Y - a +1 vampiric broad axe (weapon)
Missiles
 k - 143 stones
 n - 37 poisoned darts (quivered)
 E - 6 throwing nets
 R - 2 javelins
 U - a boomerang of dispersal
 V - 5 curare-tipped darts
 W - 10 boomerangs
Armour
 b - a +0 scale mail
 c - a +0 buckler (worn)
 e - a +1 pair of gloves (worn)
 l - a +2 pair of boots (worn)
 w - a +0 cloak (worn)
 y - a +0 plate armour of willpower (worn)
 B - a +1 chain mail of fire resistance
Jewellery
 r - a ring of poison resistance (left hand)
 L - an amulet of the acrobat (around neck)
 P - a +6 ring of strength (right hand)
Wands
 t - a wand of roots (9)
 A - a wand of digging (7)
 M - a wand of flame (29)
 Q - a wand of charming (7)
Scrolls
 o - 8 scrolls of teleportation
 s - 4 scrolls of immolation
 x - a scroll of vulnerability
 C - 3 scrolls of poison
 H - 2 scrolls of torment
 S - a scroll of identify
 T - a scroll of magic mapping
Potions
 d - 3 potions of might
 f - 6 potions of curing
 g - 3 potions of cancellation
 h - 4 potions of haste
 j - a potion of invisibility
 m - 2 potions of attraction
 p - 2 potions of degeneration
 u - 2 potions of heal wounds
 D - a potion of magic
 J - a potion of lignification
 O - a potion of ambrosia


   Skills:
 * Level 10.2 Fighting
 + Level 11.5 Axes
 + Level 1.5 Throwing
 + Level 6.9 Armour
 - Level 1.6 Dodging
 - Level 0.1 Stealth
 + Level 8.6 Shields
 * Level 11.2 Invocations
 * Level 3.5 Evocations


You had 11 spell levels left.
You didn't know any spells.
Your spell library contained the following spells:

 Spells                   Type           Power      Damage    Failure   Level
 Beastly Appendage        Tmut           0%         N/A       99%         1
 Magic Dart               Conj           0%         1d3       99%         1
 Slow                     Hex            0%         N/A       99%         1
 Summon Small Mammal      Summ           0%         N/A       99%         1
 Blink                    Tloc           0%         N/A       100%        2
 Ensorcelled Hibernation  Hex/Ice        0%         N/A       100%        2
 Lesser Beckoning         Tloc           0%         N/A       100%        2
 Momentum Strike          Conj/Tloc      0%         3d8       100%        2
 Passwall                 Tmut/Erth      0%         N/A       100%        2
 Searing Ray              Conj           0%         2d4       100%        2
 Sublimation of Blood     Necr           0%         N/A       100%        2
 Wereblood                Tmut           0%         N/A       100%        2
 Call Canine Familiar     Summ           0%         N/A       100%        3
 Confusing Touch          Hex            0%         N/A       100%        3
 Gell's Gravitas          Tloc           0%         N/A       100%        3
 Spider Form              Tmut/Pois      0%         N/A       100%        3
 Summon Guardian Golem    Hex/Summ       0%         N/A       100%        3
 Swiftness                Air            0%         N/A       100%        3
 Teleport Other           Tloc           0%         N/A       100%        3
 Vampiric Draining        Necr           0%         2d6       100%        3
 Fulminant Prism          Conj/Hex       0%         3d5       100%        4
 Iskenderun's Battlesphe  Conj           0%         2d6       100%        5
 Dispersal                Tloc           0%         N/A       100%        6
 Iron Shot                Conj/Erth      0%         9d1       100%        6
 Spellforged Servitor     Conj/Summ      0%         N/A       100%        7
 Summon Hydra             Summ           0%         N/A       100%        7


Dungeon Overview and Level Annotations

Branches:
Dungeon (11/15)            Temple (0/1) D:7             Orc (2/2) D:10
    Elf (0/3) Orc:2       Ossuary (visited)
   Lair: D:8-11

Altars:
Dithmenos
Okawaru
Qazlal
Trog
Uskayaw
Vehumet

Shops:
D:5 *   Orc:2 :*?


Innate Abilities, Weirdness & Mutations

You have a pair of antennae on your head.
A weak demonic guardian rushes to your aid.
A meltable icy envelope protects you from harm. (AC +0)
You have an unusually large brain. (Int +2)
A meltable shield of frost defends you. (SH +0)
You have large cloven feet.
Armour fits poorly on your strangely shaped body.
Your magical capacity is low. (-10% MP)
You are vulnerable to cold. (rC-)


Message History

The orc sorcerer is moderately wounded.
You hit the ice devil but do no damage. You slash the orc high priest!
You block the orc sorcerer's attack.
The orc high priest hits you with a +0 hand axe!
You feel protected from physical attacks.
The ice devil hits you. The ice devil freezes you!!
You feel a terrible chill!
Aiming: Upheaval
Press: ? - help, Dir - move target, f - orc sorcerer
Aim: an orc sorcerer, wielding a +0 dagger and wearing a +0 robe of willpower (lightly wounded, strong)
The ground shakes violently, spewing rubble!
The blast of rubble hits the orc high priest!!
The orc high priest is severely wounded.
The blast of rubble hits the orc sorcerer!!
The orc sorcerer is almost dead.
The blast of rubble hits the ice devil.
The ice devil is moderately wounded.
You hear a shout!
The orc sorcerer points at you and mumbles some strange words.
The bolt of negative energy hits you!
You feel drained.
* * * LOW HITPOINT WARNING * * *
A demonic guardian appears!
The orc sorcerer gestures wildly while chanting.
Send 'em back where they came from!
Your shadow imp shudders.
The orc high priest prays to Beogh.
Send 'em back where they came from!
Your shadow imp disappears in a puff of smoke!
The orc knight is engulfed in freezing vapours.
The orc knight roars a battlecry!
The orc knight goes into a battle-frenzy!
You block the ice devil's attack.
You feel much better.
You hear a shout!
The orc sorcerer gestures at you while chanting.
The bolt of fire hits you!
Your icy defences dissipate!
* * * LOW HITPOINT WARNING * * *
The orc high priest invokes the aid of Beogh against you.
Pain shoots through your body!
You die...

#...##.####........###...........
#...#### ##......## ##..........
#...# ##..#.###.###.........
##.## #....###...###........
#...### ##..###.....###.......
##..#.## #####.#...#.###......
#......# ### ##o.oo ....###.....
#...#.####.# ##4.o#{ #4..###.<..
...###)##..###○o@# #..3###...
#..##.....###..°## #..{ ##..
#...##...###)..## #..{###.
##..#)[.###)#.## #.#.###
#...[.###..)## ##...#
##..[))###.#)##{ { { ##)#.###
##.[.).###)..##{ {{##...###.
##.)...###...## ##...###..
##..##..###...## ##...###..#


You could see 2 orc knights, an orc high priest (strong), an ice devil
(summoned) and 2 orc sorcerers.

Vanquished Creatures
  Harold (D:8)
  A two-headed ogre (D:9)
  A death yak (D:10)
  An orc high priest (Orc:2)
  Nergalle (D:10)
  Sonja (D:11)
  A soul eater (Orc:2)
  4 orc knights
  3 orc sorcerers
  Joseph (D:7)
  Maggie (D:9)
  An orange demon (Orc:2)
  2 kobold demonologists (D:10)
  3 trolls (Orc:2)
  Prince Ribbit (D:5)
  Sigmund (D:3)
  A wraith (D:11)
  A wyvern (D:11)
  An air elemental (D:10)
  11 yaks (D:10)
  A neqoxec (Orc:2)
  A warg (Orc:2)
  A chaos spawn (Orc:2)
  A water moccasin (D:9)
  A hornet zombie (Ossuary)
  27 orc warriors
  2 black bears
  2 ice beasts
  2 sky beasts (D:7)
  3 ogres
  2 centaurs
  3 phantoms (D:9)
  6 kobold brigands
  Blork the orc (D:6)
  A bullfrog (D:8)
  3 wyvern zombies (Ossuary)
  A gnoll sergeant (D:9)
  An earth elemental (D:10)
  A water moccasin zombie (Ossuary)
  4 scorpions
  12 wights
  4 troll zombies (D:10)
  12 killer bees
  3 howler monkeys
  4 bullfrog zombies (Ossuary)
  3 centaur zombies (Ossuary)
  3 hounds
  3 jellies
  21 orc priests
  A gnoll bouda (D:5)
  Crazy Yiuf (D:2)
  Jessica (D:3)
  3 iguanas
  A sleepcap (D:5)
  11 orc wizards
  Terence (D:3)
  6 killer bee zombies (Ossuary)
  4 ogre zombies (D:10)
  15 mummies (Ossuary)
  Robin (D:3)
  8 adders
  9 gnolls
  2 white imps
  An ufetubus (D:4)
  3 worms
  5 dart slugs
  58 orcs
  8 ball pythons
  9 bats
  6 endoplasms
  6 giant cockroaches
  18 goblins
  15 hobgoblins
  7 jackals
  2 quokkas
  3 frilled lizards
  2 goblin skeletons (D:10)
  A goblin zombie (D:10)
  A hobgoblin skeleton (D:10)
  2 hobgoblin zombies (D:10)
  11 kobolds
  An orc skeleton (D:10)
  18 orc zombies (D:10)
  6 rats
414 creatures vanquished.

Vanquished Creatures (collateral kills)
  A tengu warrior (D:11)
  A rust devil (Orc:2)
  A tengu conjurer (D:11)
  2 wyverns
  A fire elemental (D:10)
  A steam dragon (D:6)
  3 orc warriors
  A sky beast (D:8)
  An ogre (Orc:2)
  3 orcs (D:6)
  An endoplasm (D:2)
  A jackal (D:2)
17 creatures vanquished.

Vanquished Creatures (others)
  A water elemental (D:10)
  4 withered plants (Ossuary)
5 creatures vanquished.

Grand Total: 436 creatures vanquished

Notes
Turn   | Place    | Note
-------+----------+-------------------------------------------
     0 | D:1      | jlumianski the Demonspawn Fighter began the quest for the
                  | Orb.
     0 | D:1      | Reached XP level 1. HP: 18/18 MP: 1/1
    52 | D:1      | Found a faded altar of an unknown god.
    66 | D:1      | Gained mutation: A meltable shield of frost defends you.
                  | (SH +0) [demonic ancestry]
    66 | D:1      | Reached XP level 2. HP: 24/24 MP: 2/2
   220 | D:2      | Gained mutation: A weak demonic guardian rushes to your
                  | aid. [demonic ancestry]
   220 | D:2      | Reached XP level 3. HP: 29/29 MP: 3/3
  1009 | D:2      | Identified the +3 hammer "Waeclots" {spect, Fragile Str-3
                  | Dex+8 SInv}
  1029 | D:2      | Found a runed translucent door.
  1030 | D:2      | Noticed Crazy Yiuf
  1314 | D:2      | Gained mutation: You have a pair of small antennae on your
                  | head. [demonic ancestry]
  1314 | D:2      | Reached XP level 4. HP: 35/35 MP: 4/4
  1461 | D:2      | Reached skill level 1 in Dodging
  1715 | D:2      | Killed Crazy Yiuf
  1884 | D:3      | Noticed Sigmund
  1890 | D:3      | Gained mutation: A meltable icy envelope protects you from
                  | harm. (AC +0) [demonic ancestry]
  1890 | D:3      | Reached XP level 5. HP: 40/42 MP: 5/5
  1906 | D:3      | Killed Sigmund
  1907 | D:3      | Gained mutation: You have a pair of antennae on your head.
                  | [demonic ancestry]
  1907 | D:3      | Reached XP level 6. HP: 43/48 MP: 6/6
  2149 | D:3      | Noticed Robin
  2169 | D:3      | Killed Robin
  2263 | D:3      | Identified the +1 robe "Ibuad" {Dex+3}
  2268 | D:3      | Found a hide-covered altar of Uskayaw.
  2268 | D:3      | Noticed a +0 spear
  2269 | D:3      | Noticed a +0 falchion
  2269 | D:3      | Noticed a +0 spear
  2270 | D:3      | Noticed a +0 dagger
  2270 | D:3      | Noticed a +0 falchion
  2270 | D:3      | Noticed a +0 short sword
  2270 | D:3      | Noticed a +0 short sword
  2271 | D:3      | Noticed a +0 dagger
  2364 | D:3      | Noticed Jessica
  2368 | D:3      | Killed Jessica
  2682 | D:3      | Noticed Terence
  2691 | D:3      | Killed Terence
  2801 | D:5      | Entered Level 5 of the Dungeon
  2801 | D:5      | Noticed an orc warrior
  2819 | D:4      | Killed an orc warrior
  2820 | D:4      | Reached XP level 7. HP: 14/55 MP: 7/7
  2980 | D:5      | Noticed Prince Ribbit
  3011 | D:4      | Reached skill level 5 in Fighting
  3154 | D:4      | Found a stormy altar of Qazlal.
  3160 | D:4      | Became a worshipper of Qazlal Stormbringer
  3237 | D:4      | Reached skill level 5 in Axes
  3392 | D:4      | Reached skill level 1 in Invocations
  4025 | D:5      | Killed Prince Ribbit
  4035 | D:5      | Reached XP level 8. HP: 63/63 MP: 9/9
  4561 | D:5      | Found Febras's Gadget Gallery.
  5015 | D:7      | Found a sand-covered staircase.
  5024 | Ossuary  | Entered an ossuary
  5047 | Ossuary  | Reached * piety under Qazlal
  5169 | Ossuary  | Reached skill level 5 in Invocations
  5192 | Ossuary  | Gained mutation: A meltable icy envelope protects you from
                  | harm. (AC +0) [demonic ancestry]
  5192 | Ossuary  | Reached XP level 9. HP: 55/70 MP: 12/12
  5489 | Ossuary  | Reached ** piety under Qazlal
  5602 | D:7      | Noticed Joseph
  6035 | D:6      | Noticed Blork the orc
  6047 | D:6      | Killed Blork the orc
  6048 | D:6      | Reached skill level 5 in Shields
  6542 | D:7      | Found a staircase to the Ecumenical Temple.
  6768 | D:7      | Found an iron altar of Okawaru.
  6828 | D:7      | Killed Joseph
  6829 | D:7      | Reached skill level 1 in Throwing
  6902 | D:7      | Reached skill level 5 in Armour
  6984 | D:8      | Gained mutation: You have an unusually large brain. (Int
                  | +2) [demonic ancestry]
  6984 | D:8      | Reached XP level 10. HP: 57/79 MP: 15/15
  7424 | D:7      | Reached *** piety under Qazlal
  7717 | D:9      | Noticed Harold
  7737 | D:8      | Killed Harold
  7862 | D:9      | Noticed Maggie
  7883 | D:9      | Killed Maggie
  7899 | D:10     | Entered Level 10 of the Dungeon
  8733 | D:9      | Found a shadowy altar of Dithmenos.
  8737 | D:9      | Found a radiant altar of Vehumet.
  8745 | D:9      | Noticed a two-headed ogre
  8755 | D:9      | Killed a two-headed ogre
  9003 | D:9      | Reached **** piety under Qazlal
  9024 | D:10     | Found a staircase to the Orcish Mines.
  9296 | D:10     | Found a bloodstained altar of Trog.
  9356 | D:10     | Found a large runed translucent door.
  9360 | D:10     | Found a large runed translucent door.
  9670 | D:11     | Reached XP level 11. HP: 70/87 MP: 17/17
  9877 | D:10     | Reached ***** piety under Qazlal
 10302 | D:10     | Gained mutation: You have large cloven feet. [potion of
                  | mutation]
 10302 | D:10     | Gained mutation: You have sharp fingernails. [potion of
                  | mutation]
 10302 | D:10     | Gained mutation: Your magical capacity is low. (-10% MP)
                  | [potion of mutation]
 10319 | D:10     | Paralysed by an air elemental for 1 turns
 10323 | D:10     | Reached skill level 10 in Axes
 10419 | D:11     | Noticed Sonja
 10426 | D:11     | Killed Sonja
 10558 | D:11     | Noticed a tengu warrior
 10574 | D:11     | Killed a tengu warrior
 10651 | D:11     | Noticed a death yak
 10651 | D:11     | Noticed a death yak
 10652 | D:11     | Noticed a death yak
 10676 | D:10     | Killed a death yak
 10677 | D:10     | Reached skill level 10 in Invocations
 10690 | Orc:1    | Entered Level 1 of the Orcish Mines
 10697 | Orc:1    | Noticed an orc knight
 10837 | Orc:1    | Noticed Nergalle
 11036 | D:10     | Killed an orc knight
 11066 | Orc:1    | Noticed an orc sorcerer
 11077 | D:10     | Killed Nergalle
 11126 | D:10     | Noticed a soul eater
 11131 | D:10     | Killed an orc sorcerer
 11614 | Orc:2    | Entered Level 2 of the Orcish Mines
 11694 | Orc:2    | Reached XP level 12. HP: 80/96 MP: 17/17
 11843 | Orc:2    | Found Puekus's Vocational Training.
 11844 | Orc:2    | Found a bloodstained altar of Trog.
 12385 | Orc:2    | Found a staircase to the Elven Halls.
 12529 | Orc:2    | Found Bina's General Store.
 12605 | Orc:2    | Reached skill level 1 in Evocations
 12669 | Orc:2    | Found Juenev's Magic Scroll Boutique.
 12794 | Orc:2    | Bought a manual of Evocations for 1040 gold pieces
 12938 | Orc:2    | Gained mutation: You sometimes lose your temper in combat.
                  | [a neqoxec]
 12985 | Orc:1    | Lost mutation: You have sharp fingernails. [potion of
                  | mutation]
 12985 | Orc:1    | Lost mutation: You sometimes lose your temper in combat.
                  | [potion of mutation]
 12985 | Orc:1    | Gained mutation: Armour fits poorly on your strangely
                  | shaped body. [potion of mutation]
 13071 | Orc:2    | Gained mutation: You are vulnerable to cold. (rC-) [a
                  | neqoxec]
 13126 | Orc:2    | Noticed an orc high priest
 13140 | Orc:2    | Killed an orc high priest
 13141 | Orc:2    | Reached skill level 10 in Fighting
 13217 | Orc:2    | Noticed an orc high priest
 13226 | Orc:2    | Killed from afar by an orc high priest

Illustrated notes

Levels and vault maps discovered:
D:1:      scummos_arrival_simple_crosswalls, layout_loops_ring,
          shapermc_ecumenical_altar_acropolis, palyth_stone_intersect,
          corexii_hall_statues_s, minmay_pentomino_s2
D:2:      layout_rooms, minmay_split_cup_small, uniq_crazy_yiuf_cottage
D:3:      layout_basic, nicolae_uskayaw_en_pointe, minivault_11,
          guppyfry_early_orc_mine, uniq_terence, uniq_sigmund, uniq_jessica,
          uniq_robin
D:4:      layout_basic, mainiacjoe_overflow_alcove_4, minmay_surrounded
D:5:      layout_loops_ring, nicolae_shop_gadgets, uniq_prince_ribbit1
D:6:      layout_cave_pods, uniq_blork_the_orc
D:7:      layout_basic, okawaru_ov_weapons_minmay, minmay_temple_entry_statues,
          nicolae_ossuary_entry_monument, uniq_joseph
D:8:      layout_loops_ring, minmay_bent
D:9:      layout_rooms, mainiacjoe_overflow_catwalk_spiral,
          mrwooster_statue_mirror, uniq_harold, uniq_maggie
D:10:     layout_loops_ring, mainiacjoe_overflow_alcove_1, zombieorc2_lemuel,
          serial_bayou_pond_d, lightli_elemental_guards
D:11:     layout_roguey, dpeg_lair_monsters, uniq_sonja, uniq_urug
Orc:1:    layout_diamond_mine, nicolae_volcano_entry_two_sided, special_room
          [special_room_orc], uniq_nergalle
Orc:2:    pf_orc_diabolical, layout_caves, basic_altar, nicolae_shop_vocational

Skill      XL: |  1  2  3  4  5  6  7  8  9 10 11 12 |
---------------+-------------------------------------+-----
Shields        | 3 4 5 6 7 8 |  8.6
Armour         | 3 4 5 6 |  6.9
Axes           | 2 3 4 5 6 8 9 10 11 | 11.5
Dodging        | 1 |  1.6
Fighting       | 4 5 6 7 8 9 10 | 10.2
Invocations    | 2 5 7 8 10 11 | 11.2
Throwing       | 1 |  1.5
Evocations     | 3 |  3.5
Stealth        | |  0.1

Action                     |  1- 3 |  4- 6 |  7- 9 | 10-12 || total
---------------------------+-------+-------+-------+-------++-------
  Melee: War axe           |   131 |   195 |   432 |   597 ||  1355
         Broad axe         |       |       |       |   128 ||   128
  Throw: Dart              |       |       |    14 |    18 ||    32
         Stone             |       |       |     9 |       ||     9
 Invoke: Upheaval          |       |       |     1 |     5 ||     6
         Elemental Force   |       |       |       |     4 ||     4
  Evoke: Wand              |       |       |       |     4 ||     4
    Use: Scroll            |     6 |     1 |     9 |     7 ||    23
         Potion            |     2 |     2 |       |     7 ||    11
   Stab: Paralysed         |       |       |       |     1 ||     1
 Armour: Scale mail        |    64 |    48 |       |       ||   112
         Plate armour      |       |    66 |   350 |   434 ||   850
  Dodge: Dodged            |    67 |    81 |   114 |   177 ||   439
         Repelled          |       |       |       |     2 ||     2
  Block: Buckler           |    65 |    98 |   291 |   583 ||  1037

Table legend: (Time is in decaauts)
 A = Elapsed time spent in this place.
 B = Non-inter-level travel time spent in this place.
 C = Inter-level travel time spent in this place.
 D = Time resting spent in this place.
 E = Time spent auto-exploring this place.
 F = Levels seen in this place.
 G = Mean time per level.
                   A        B        C        D        E       F      G
               +--------+--------+--------+--------+--------+-----+--------+
         Total |  13541 |  13108 |    433 |   1164 |   7321 |  14 |  967.2 |
       Dungeon |  10923 |  10520 |    403 |   1023 |   6242 |  11 |  993.0 |
  Orcish Mines |   1984 |   1954 |     30 |     48 |   1024 |   2 |  992.0 |
       Ossuary |    633 |    633 |      0 |     93 |     55 |   1 |  633.0 |
               +--------+--------+--------+--------+--------+-----+--------+

Top non-repeatable levels by time:
    D:10: 1837 daAuts
   Orc:2: 1469 daAuts
     D:4: 1321 daAuts
     D:6: 1257 daAuts
     D:3: 1048 daAuts
     D:8: 953 daAuts
     D:2: 937 daAuts
     D:5: 891 daAuts
     D:7: 855 daAuts
     D:1: 825 daAuts
     D:9: 667 daAuts
 Ossuary: 633 daAuts
   Orc:1: 515 daAuts
    D:11: 326 daAuts
